[Event "Titled Tuesday Blitz November 07 Early 2023"]
[White "Azali, Tannaz"]
[Black "TheAlienParty"]
[WhiteFideId "12537721"]
[WhiteElo "2419"]
[BlackElo "2265"]
[Result "0-1"]
[Round "10"]
[TimeControl "180+1"]
[Date "2023.11.07"]
[WhiteClock "0:00:06"]
[BlackClock "0:00:13"]
[Board "118"]

1. d4 Nf6 2. c4 e6 3. Nc3 Bb4 4. f3 d5 5. a3 Bxc3+ 6. bxc3 c5 7. cxd5 exd5 8. e3 Nc6 9. Bd3 O-O 10. Ne2 Re8 11. O-O Qc7 12. Ng3 b6 13. a4 Bb7 14. Ra2 Rac8 15. Re2 cxd4 16. cxd4 Nb4 17. Bb1 Ba6 18. Ree1 Bxf1 19. Rxf1 Nc2 20. e4 dxe4 21. fxe4 Red8 22. d5 Qc5+ 23. Kh1 Ne3 24. Bxe3 Qxe3 25. Nf5 Qg5 26. Ne7+ Kf8 27. Nxc8 Rxc8 28. Bd3 Ng4 29. Ba6 Nf2+ 30. Rxf2 Rc1 31. Rf1 Rxd1 32. Rxd1 Qg4 33. Re1 Qd7 34. Bb5 Qd6 35. Bc6 f6 36. h3 Qc5 37. Rf1 Ke7 38. Rd1 Kd6 39. Re1 a6 40. Kh2 Qf2 41. Rb1 h5 42. Rb3 h4 43. Rf3 Qc2 44. Rf4 Qc5 45. Rxh4 b5 46. axb5 axb5 47. Rh7 b4 48. Rxg7 b3 49. Rd7+ Ke5 50. Rb7 Qc3 51. Re7+ Kd6 52. Rd7+ Ke5 53. Re7+ Kf4 54. d6 Qxc6 55. d7 Qd6 56. Rf7 Ke3+ 0-1


[Site "https://www.chess.com"]

[Event "Titled Tuesday Blitz November 07 Early 2023"]
[White "Tharushi, T H D Niklesha"]
[Black "Polaczek, Richard"]
[WhiteFideId "9918264"]
[BlackFideId "200026"]
[WhiteElo "2283"]
[BlackElo "2414"]
[Result "0-1"]
[Round "10"]
[TimeControl "180+1"]
[Date "2023.11.07"]
[WhiteClock "0:02:07"]
[BlackClock "0:02:02"]
[Board "119"]

1. e4 Nf6 2. e5 Nd5 3. c4 Nb6 4. d4 d6 5. exd6 cxd6 6. Nc3 g6 7. Nf3 Bg7 8. b3 O-O 9. Bb2 Bg4 10. Be2 d5 11. c5 Nc8 12. h3 Bxf3 13. Bxf3 e6 14. O-O Nc6 15. Ba3 Bxd4 16. Rc1 N8e7 17. Nb5 Bg7 18. Nd6 Rb8 19. Re1 Qa5 0-1


[Site "https://www.chess.com"]

[Event "Titled Tuesday Blitz November 07 Early 2023"]
[White "Kula, Robert"]
[Black "KorolDimitriy75"]
[WhiteFideId "1101218"]
[WhiteElo "2259"]
[BlackElo "2343"]
[Result "1/2-1/2"]
[Round "10"]
[TimeControl "180+1"]
[Date "2023.11.07"]
[WhiteClock "0:00:06"]
[BlackClock "0:00:06"]
[Board "120"]

1. e4 c5 2. Nf3 d6 3. d4 cxd4 4. Nxd4 Nf6 5. Nc3 g6 6. Be3 Bg7 7. Be2 O-O 8. O-O Nc6 9. f3 d5 10. Nxc6 bxc6 11. e5 Nd7 12. f4 e6 13. Kh1 c5 14. Bf3 Rb8 15. Bc1 Ba6 16. Re1 Qa5 17. Bd2 Qc7 18. b3 Rfc8 19. a3 Nb6 20. Bc1 f6 21. exf6 Bxf6 22. Bb2 Nc4 23. Nxd5 Nxb2 24. Nxf6+ Kg7 25. Qc1 Kxf6 26. Qxb2+ Kf7 27. Bg4 Rb6 28. Re5 Rd8 29. Rae1 Rdd6 30. Qc3 Bb7 31. Rxc5 Rbc6 32. Rxc6 Rxc6 33. Qe3 Rxc2 34. Bxe6+ Kg7 35. Bh3 Qc6 36. Qe5+ Qf6 37. Qe7+ Qxe7 38. Rxe7+ Kf8 39. Re1 Rb2 40. b4 Ra2 41. Kg1 Rxa3 42. f5 g5 43. Bg4 Ra2 44. Bf3 Bxf3 45. gxf3 Rb2 46. Ra1 Rxb4 47. Rxa7 Rf4 48. Kf2 Rxf5 49. Kg3 Kg8 50. Kg4 Rf4+ 51. Kg3 h6 52. h3 Kh8 53. Rb7 Kg8 54. Rc7 Kh8 55. Re7 Kg8 56. Re4 Rf6 57. Kg4 Kg7 58. Re3 Kg6 59. Kg3 Rd6 60. Re4 Rf6 61. Re8 Rd6 62. Rb8 Rf6 63. Rg8+ Kh5 64. Rh8 Re6 65. Rf8 Rd6 66. Rf5 Re6 67. Rb5 Rf6 68. Rc5 Re6 69. f4 Re3+ 70. Kg2 Re4 71. fxg5 hxg5 72. Kf3 Rf4+ 73. Kg3 Re4 74. Rc3 Rd4 75. Rf3 Rb4 76. Re3 Ra4 77. Rf3 Rb4 78. Rf8 Rb3+ 79. Kg2 Rb2+ 80. Kg3 Rb3+ 81. Kh2 Rb2+ 82. Kg1 Rb1+ 83. Kg2 Rb2+ 84. Kg3 Rb3+ 1/2-1/2


[Site "https://www.chess.com"]

[Event "Titled Tuesday Blitz November 07 Early 2023"]
[White "Skaric, Djuro"]
[Black "missponyo10"]
[WhiteFideId "934569"]
[WhiteElo "2333"]
[BlackElo "2060"]
[Result "1-0"]
[Round "10"]
[TimeControl "180+1"]
[Date "2023.11.07"]
[WhiteClock "0:01:19"]
[BlackClock "0:00:55"]
[Board "121"]

1. g3 d5 2. Bg2 c6 3. d3 e6 4. Nf3 Nf6 5. O-O Nbd7 6. Nc3 Bd6 7. e4 dxe4 8. dxe4 Bc7 9. h3 O-O 10. Qe2 Qe7 11. Rd1 h6 12. Nd4 Rd8 13. Be3 Bb6 14. Kh2 Nf8 15. f4 Ng6 16. Nb3 Rxd1 17. Rxd1 Bxe3 18. Qxe3 b6 19. g4 Bb7 20. Qg3 c5 21. e5 Nd5 22. Nxd5 exd5 23. Bxd5 Rd8 24. Bf3 Rxd1 25. Bxd1 Qd8 26. Bf3 Bxf3 27. Qxf3 c4 28. Nc1 Qd2+ 29. Ne2 Nxf4 30. Qxf4 Qxe2+ 31. Kg3 Qxc2 32. Qd4 Qd3+ 33. Qxd3 cxd3 34. Kf3 Kf8 35. Ke3 Ke7 36. Kxd3 Ke6 37. Kd4 a6 38. b4 f6 39. exf6 gxf6 40. Ke4 a5 41. bxa5 bxa5 42. a4 Kf7 43. Kf5 Kg7 44. h4 Kf7 45. h5 Ke7 46. Kg6 Kd6 47. Kxf6 Kc5 48. g5 Kb4 49. g6 Kxa4 50. g7 Ka3 51. g8=Q a4 52. Qc4 Kb2 53. Qxa4 1-0


[Site "https://www.chess.com"]

[Event "Titled Tuesday Blitz November 07 Early 2023"]
[White "Ahmad, Khagan"]
[Black "Skibbe, Willi"]
[WhiteFideId "13431552"]
[BlackFideId "4682190"]
[WhiteElo "2486"]
[BlackElo "2202"]
[Result "0-1"]
[Round "10"]
[TimeControl "180+1"]
[Date "2023.11.07"]
[WhiteClock "0:00:01"]
[BlackClock "0:00:30"]
[Board "122"]

1. Nc3 d5 2. d4 Nf6 3. Bf4 a6 4. e3 b5 5. Nf3 e6 6. Ne5 c5 7. Bd3 Bb7 8. g4 Nfd7 9. Qf3 Nxe5 10. Bxe5 Nc6 11. O-O-O Nxe5 12. dxe5 Qa5 13. Kb1 c4 14. Be2 b4 15. Nxd5 Bxd5 16. e4 Bb7 17. Bxc4 Qc7 18. Bb3 Be7 19. Ba4+ Bc6 20. Bxc6+ Qxc6 21. h4 O-O 22. g5 Rac8 23. Rd2 Rfd8 24. Rhd1 Rxd2 25. Rxd2 Rd8 26. Rxd8+ Bxd8 27. Qd3 Be7 28. f4 g6 29. b3 Qc3 30. Qd7 Qe1+ 31. Kb2 Qc3+ 32. Kb1 Bc5 33. Qd8+ Kg7 34. f5 gxf5 35. Qf6+ Kg8 36. Qd8+ Bf8 37. exf5 Qe1+ 38. Kb2 Qxe5+ 39. Kb1 Qxf5 40. Qa8 Qf1+ 41. Kb2 Kg7 42. h5 Bd6 43. h6+ Kg6 44. Qg8+ Kh5 45. Qg7 Qf5 46. Kb1 Be5 0-1


[Site "https://www.chess.com"]

[Event "Titled Tuesday Blitz November 07 Early 2023"]
[White "Estrada Nieto, Julian"]
[Black "De Souza, Cristiano Gomes"]
[WhiteFideId "5101018"]
[BlackFideId "2151758"]
[WhiteElo "2458"]
[BlackElo "2285"]
[Result "0-1"]
[Round "10"]
[TimeControl "180+1"]
[Date "2023.11.07"]
[WhiteClock "0:00:19"]
[BlackClock "0:00:18"]
[Board "123"]

1. e4 c5 2. Nf3 d6 3. d4 cxd4 4. Qxd4 Nf6 5. Nc3 Nc6 6. Bb5 Bd7 7. Bxc6 Bxc6 8. Bg5 e6 9. O-O-O Be7 10. Rhe1 Qa5 11. Kb1 h6 12. Bh4 O-O 13. Qd2 Rfd8 14. Nd5 Qxd2 15. Nxe7+ Kf8 16. Nxd2 Kxe7 17. f3 g5 18. Bf2 b6 19. Nb3 d5 20. e5 Nd7 21. Bd4 a5 22. Nc1 Nc5 23. Nd3 Nxd3 24. Rxd3 b5 25. Bc5+ Kd7 26. Rd4 Rg8 27. Bd6 Rg6 28. g4 Rh8 29. h4 h5 30. gxh5 Rxh5 31. hxg5 Rhxg5 32. a3 Rg1 33. Rdd1 Rxe1 34. Rxe1 f6 35. f4 fxe5 36. fxe5 Rg7 37. Rf1 Rh7 38. Rf2 Rg7 39. b3 Rh7 40. Kb2 a4 41. bxa4 bxa4 42. Kc3 Rh3+ 43. Kb4 Rh4+ 44. Kc5 Rc4+ 45. Kb6 d4 46. Rf7+ Ke8 47. Re7+ Kd8 48. Rxe6 Rxc2 49. Bb4 Bd7 50. Rd6 Kc8 51. e6 Be8 52. e7 Bd7 53. Rxd4 Rc7 54. Rf4 Rc6+ 55. Ka5 Be8 56. Rd4 Kb7 57. Rd8 Ra6# 0-1


[Site "https://www.chess.com"]

[Event "Titled Tuesday Blitz November 07 Early 2023"]
[White "Martin, Lewis"]
[Black "Mazurkiewicz, Michal"]
[WhiteFideId "410551"]
[BlackFideId "1124943"]
[WhiteElo "2279"]
[BlackElo "2433"]
[Result "1-0"]
[Round "10"]
[TimeControl "180+1"]
[Date "2023.11.07"]
[WhiteClock "0:00:10"]
[BlackClock "0:00:02"]
[Board "124"]

1. c4 Nf6 2. g3 g6 3. Bg2 Bg7 4. Nf3 O-O 5. O-O c6 6. Nc3 d5 7. cxd5 cxd5 8. d4 Nc6 9. Ne5 Qb6 10. Na4 Qa5 11. Bd2 Qd8 12. Nxc6 bxc6 13. Rc1 Bd7 14. Nc5 Qb6 15. b4 Rfd8 16. Qb3 Bf5 17. a4 Ne4 18. Be3 Nxc5 19. dxc5 Qb7 20. b5 Rab8 21. Rfd1 e6 22. b6 Qa6 23. Bf1 axb6 24. cxb6 d4 25. Bg5 Rxb6 26. Qa2 f6 27. e4 d3 28. exf5 fxg5 29. Qxe6+ Kh8 30. Rxd3 Qc8 31. Rxd8+ Qxd8 32. Rd1 Qg8 33. Bc4 Qxe6 34. Bxe6 Rb8 35. fxg6 hxg6 36. a5 Bd4 37. a6 c5 38. Bd5 c4 39. Rxd4 Rb1+ 40. Kg2 Ra1 41. Bxc4 Kh7 42. Rd7+ Kh6 43. a7 g4 44. Bd5 g5 45. a8=Q Rxa8 46. Bxa8 Kh5 47. Be4 Kh6 48. Rh7# 1-0


[Site "https://www.chess.com"]

[Event "Titled Tuesday Blitz November 07 Early 2023"]
[White "Vifleemskaia, Svetlana"]
[Black "Novikova, Galina"]
[WhiteFideId "4129490"]
[BlackFideId "4157095"]
[WhiteElo "2269"]
[BlackElo "2410"]
[Result "0-1"]
[Round "10"]
[TimeControl "180+1"]
[Date "2023.11.07"]
[WhiteClock "0:00:00"]
[BlackClock "0:00:45"]
[Board "125"]

1. d4 e5 2. dxe5 d6 3. Nf3 Bg4 4. Nc3 Nc6 5. Bg5 Qd7 6. h3 Bh5 7. g4 Bg6 8. e3 Nb4 9. e4 f6 10. exf6 Nxf6 11. a3 Nc6 12. Bxf6 gxf6 13. Nd5 Bg7 14. Bd3 O-O-O 15. Qd2 Rhe8 16. Qf4 Bxe4 17. Bxe4 Rxe4+ 18. Qxe4 Re8 19. Qxe8+ Qxe8+ 20. Ne3 Qe4 21. Ke2 Bh6 22. Rac1 Bxe3 23. fxe3 Ne5 24. Nxe5 Qg2+ 25. Kd3 fxe5 26. Rcf1 b6 27. b3 Qd5+ 28. Kc3 Qc5+ 29. Kd2 Qxa3 30. Rf8+ Kb7 31. Rhf1 Qb4+ 32. Kc1 Qc3 33. R1f3 a5 34. Kb1 b5 35. R8f7 a4 0-1


[Site "https://www.chess.com"]

[Event "Titled Tuesday Blitz November 07 Early 2023"]
[White "Rodriguez Dominguez, Melissa"]
[Black "Dwilewicz, Katarzyna"]
[WhiteFideId "3517560"]
[BlackFideId "1148486"]
[WhiteElo "2247"]
[BlackElo "2359"]
[Result "0-1"]
[Round "10"]
[TimeControl "180+1"]
[Date "2023.11.07"]
[WhiteClock "0:00:37"]
[BlackClock "0:01:44"]
[Board "126"]

1. e4 c5 2. Nf3 a6 3. c4 Nc6 4. d4 cxd4 5. Nxd4 e5 6. Nb3 Nf6 7. Nc3 Bb4 8. Bd3 O-O 9. O-O Bxc3 10. bxc3 d6 11. f4 Ng4 12. h3 Qb6+ 13. c5 dxc5 14. hxg4 c4+ 15. Kh2 Rd8 16. Qe2 cxd3 17. Qf3 exf4 18. Bxf4 Be6 19. Be3 Qc7+ 20. Bf4 Qe7 21. Nd4 Nxd4 22. cxd4 Rxd4 23. Be5 Rd7 24. Rad1 Rad8 25. Rd2 Qh4+ 26. Qh3 Qxg4 27. Qxg4 Bxg4 28. Kg3 Be2 29. Kf4 Bxf1 0-1


[Site "https://www.chess.com"]

[Event "Titled Tuesday Blitz November 07 Early 2023"]
[White "Witty_Alien"]
[Black "Harriott, Tyrell"]
[BlackFideId "2086484"]
[WhiteElo "2245"]
[BlackElo "2336"]
[Result "1-0"]
[Round "10"]
[TimeControl "180+1"]
[Date "2023.11.07"]
[WhiteClock "0:00:40"]
[BlackClock "0:00:32"]
[Board "127"]

1. e4 d5 2. exd5 Nf6 3. d4 Qxd5 4. c4 Qe4+ 5. Be2 e5 6. dxe5 Bb4+ 7. Nc3 Qxe5 8. Nf3 Qe7 9. O-O O-O 10. Bg5 Bxc3 11. bxc3 Re8 12. Re1 h6 13. Bh4 g5 14. Nxg5 hxg5 15. Bxg5 Kg7 16. Qd4 Qe5 17. Qh4 Rh8 18. Bxf6+ Qxf6 19. Qg3+ Qg6 20. Qxc7 Na6 21. Qe5+ Qf6 22. Qg3+ Kf8 23. Bf3 Rg8 24. Re8+ Kxe8 25. Qxg8+ Ke7 26. Re1+ Be6 27. Qxa8 Nc5 28. Qxa7 Qg5 29. h4 Qf5 30. Bg4 Qxg4 31. Qxc5+ Ke8 32. Qc8+ Ke7 33. Qc7+ Kf8 34. Qd8+ Kg7 35. Qg5+ Qxg5 36. hxg5 Kg6 37. Re5 Bxc4 38. a4 Kg7 39. a5 Kf8 40. Rc5 Ba6 41. f4 Ke7 42. f5 Kd6 43. Rc8 Kd7 44. Ra8 Bd3 45. Ra7 Kc8 46. a6 Bxf5 47. Rxb7 Be6 48. Re7 Bd5 49. a7 Kd8 50. Rxf7 Ke8 51. Rh7 Kf8 52. Rh8+ Kg7 53. a8=Q Bxa8 54. Rxa8 Kg6 55. Rd8 Kxg5 56. Rd4 Kf5 57. Kf2 Ke5 58. Ke3 Ke6 59. c4 Ke5 60. c5 Ke6 61. c6 Ke5 62. c7 Kf6 63. c8=Q Ke5 64. Qc5+ Kf6 65. Rd6+ Ke7 66. Qc7+ 1-0


[Site "https://www.chess.com"]

[Event "Titled Tuesday Blitz November 07 Early 2023"]
[White "SlippperyWhenWet"]
[Black "Quirke, Jeffrey"]
[BlackFideId "2013029"]
[WhiteElo "2332"]
[BlackElo "2250"]
[Result "1/2-1/2"]
[Round "10"]
[TimeControl "180+1"]
[Date "2023.11.07"]
[WhiteClock "0:00:43"]
[BlackClock "0:00:08"]
[Board "128"]

1. c4 Nf6 2. Nf3 g6 3. g3 Bg7 4. Bg2 O-O 5. O-O d5 6. cxd5 Nxd5 7. d4 Nb6 8. Nc3 Nc6 9. Be3 Nc4 10. Qc2 Nxe3 11. fxe3 Bh6 12. Qd2 Bg4 13. Rac1 Qd7 14. a3 Rad8 15. Na4 e5 16. Nc5 Qe7 17. d5 Nd4 18. Qd3 Nf5 19. e4 Be3+ 20. Kh1 Bxc5 21. exf5 e4 22. Qc4 exf3 23. exf3 Bxf5 24. Qxc5 Qxc5 25. Rxc5 c6 26. dxc6 bxc6 27. g4 Be6 28. Rfc1 Rd2 29. b4 Ra2 30. Bf1 Rd8 31. Bc4 Bxc4 32. R5xc4 Rdd2 33. Rxc6 Rxh2+ 34. Kg1 Rag2+ 35. Kf1 Rf2+ 36. Kg1 Rfg2+ 37. Kf1 Rf2+ 38. Kg1 Rfg2+ 1/2-1/2


[Site "https://www.chess.com"]

[Event "Titled Tuesday Blitz November 07 Early 2023"]
[White "Vila Dupla, Aurelio"]
[Black "Topalov, Aleksandar"]
[WhiteFideId "2203383"]
[BlackFideId "925659"]
[WhiteElo "2181"]
[BlackElo "2326"]
[Result "0-1"]
[Round "10"]
[TimeControl "180+1"]
[Date "2023.11.07"]
[WhiteClock "0:00:00"]
[BlackClock "0:00:12"]
[Board "129"]

1. Nf3 Nf6 2. d4 g6 3. g3 Bg7 4. Bg2 O-O 5. O-O d6 6. c4 Nbd7 7. Nc3 Re8 8. h3 e5 9. Re1 a5 10. e4 exd4 11. Nxd4 Nc5 12. b3 c6 13. Bb2 Qb6 14. Qd2 a4 15. Rab1 axb3 16. axb3 Nxb3 17. Nxb3 Qxb3 18. Nb5 cxb5 19. Bxf6 Qxc4 20. Bxg7 Kxg7 21. Qxd6 Ra2 22. Rbc1 Qe6 23. Qb4 Qf6 24. Rf1 Bd7 25. Rc7 Bc6 26. f4 Rb2 27. e5 Rxb4 28. exf6+ Kxf6 29. Bxc6 bxc6 30. Rxc6+ Re6 31. Rxe6+ Kxe6 32. Rc1 Rb2 33. Rc8 h5 34. Rb8 Kf5 35. Rb7 f6 36. Rb6 b4 37. Kh1 b3 38. Kg1 Ke4 39. Kh1 Kf3 0-1


[Site "https://www.chess.com"]

[Event "Titled Tuesday Blitz November 07 Early 2023"]
[White "Zampronha, Wladimir Camilo"]
[Black "knightinshiningarmour16"]
[WhiteFideId "2103087"]
[WhiteElo "2305"]
[BlackElo "2179"]
[Result "1-0"]
[Round "10"]
[TimeControl "180+1"]
[Date "2023.11.07"]
[WhiteClock "0:01:58"]
[BlackClock "0:02:20"]
[Board "131"]

1. e4 c6 2. d4 d5 3. e5 Bf5 4. Nf3 e6 5. Be2 c5 6. O-O cxd4 7. Nxd4 Bg6 8. c4 Ne7 9. cxd5 Nxd5 10. Bb5+ Nd7 11. Nc3 Nxc3 12. bxc3 a6 13. Ba4 b5 14. Bb3 Nxe5 15. Bf4 Nd7 16. Re1 Be7 17. Bxe6 O-O 18. Nc6 fxe6 19. Nxd8 Rfxd8 20. Bc7 Rdc8 21. Qxd7 Bf6 22. Be5 Rd8 1-0


[Site "https://www.chess.com"]

[Event "Titled Tuesday Blitz November 07 Early 2023"]
[White "Schut, Han"]
[Black "Kohler, Aran"]
[WhiteFideId "1005561"]
[BlackFideId "1002856"]
[WhiteElo "2296"]
[BlackElo "2291"]
[Result "1-0"]
[Round "10"]
[TimeControl "180+1"]
[Date "2023.11.07"]
[WhiteClock "0:00:16"]
[BlackClock "0:00:32"]
[Board "132"]

1. e4 c6 2. d4 d5 3. exd5 cxd5 4. c4 Nf6 5. Nc3 Nc6 6. Nf3 e6 7. cxd5 exd5 8. Bb5 a6 9. Bxc6+ bxc6 10. Ne5 Qb6 11. Qa4 Bb7 12. O-O Be7 13. Re1 O-O 14. Rb1 Rfe8 15. Bg5 Qc7 16. Rbc1 c5 17. dxc5 Bxc5 18. Bxf6 gxf6 19. Ng4 Re6 20. Rxe6 fxe6 21. Nxf6+ Kh8 22. Qh4 Qg7 23. Ncxd5 Bxd5 24. Nxd5 Qxb2 25. Qf6+ Qxf6 26. Nxf6 Bd4 27. Ne4 Rb8 28. g3 e5 29. Kg2 Rb2 30. a4 Ra2 31. Kf3 a5 32. Rc7 Ra3+ 33. Kg4 Rxa4 34. Kf5 Rb4 35. Nf6 Rb7 36. Rxb7 1-0


[Site "https://www.chess.com"]

[Event "Titled Tuesday Blitz November 07 Early 2023"]
[White "Osiecki, Stanislaw"]
[Black "Mirza, Diana"]
[WhiteFideId "1102990"]
[BlackFideId "2503999"]
[WhiteElo "2128"]
[BlackElo "1990"]
[Result "1-0"]
[Round "10"]
[TimeControl "180+1"]
[Date "2023.11.07"]
[WhiteClock "0:01:03"]
[BlackClock "0:00:53"]
[Board "133"]

1. e4 e5 2. Nf3 Nc6 3. Bb5 a6 4. Bxc6 dxc6 5. O-O Bd6 6. d4 exd4 7. Qxd4 Bf8 8. Qxd8+ Kxd8 9. Bf4 Be6 10. Rd1+ Kc8 11. Ng5 Nf6 12. Nxe6 fxe6 13. f3 Bc5+ 14. Kf1 Rd8 15. Nd2 b6 16. Nb3 Be7 17. c4 Kb7 18. Ke2 Rxd1 19. Rxd1 Rd8 20. Rxd8 Bxd8 21. g4 Nd7 22. e5 Be7 23. Kd3 Nc5+ 24. Nxc5+ Bxc5 25. Ke4 b5 26. b3 Kb6 27. Bd2 a5 28. f4 Bb4 29. Bxb4 axb4 30. f5 exf5+ 31. gxf5 bxc4 32. f6 c3 33. Kd3 gxf6 34. exf6 c5 35. f7 c4+ 36. bxc4 b3 37. axb3 1-0


[Site "https://www.chess.com"]

[Event "Titled Tuesday Blitz November 07 Early 2023"]
[White "Dahlgren, James Allen"]
[Black "Belov, Alexei"]
[WhiteFideId "22256873"]
[BlackFideId "4128206"]
[WhiteElo "2120"]
[BlackElo "2562"]
[Result "0-1"]
[Round "10"]
[TimeControl "180+1"]
[Date "2023.11.07"]
[WhiteClock "0:01:53"]
[BlackClock "0:02:04"]
[Board "134"]

1. e4 e6 2. Nc3 d5 3. Nf3 Nf6 4. e5 Nfd7 5. d4 c5 6. Be2 Nc6 7. Be3 cxd4 8. Bxd4 Nxd4 9. Qxd4 a6 10. O-O-O Qb6 11. Qxb6 Nxb6 12. Nd4 Bd7 13. f4 Rc8 14. a3 Bxa3 15. bxa3 Rxc3 16. Rd3 Rc7 17. Rb3 Na4 18. Kd2 Nc5 19. Rb2 b5 20. Bd3 O-O 21. Re1 f6 22. Re3 fxe5 23. fxe5 Be8 24. Rb1 Bg6 25. Bxg6 hxg6 26. Rg3 Ne4+ 0-1


[Site "https://www.chess.com"]

[Event "Titled Tuesday Blitz November 07 Early 2023"]
[White "Begunov, Konstantin"]
[Black "parintele_chess"]
[WhiteFideId "4118510"]
[WhiteElo "2376"]
[BlackElo "2223"]
[Result "1-0"]
[Round "10"]
[TimeControl "180+1"]
[Date "2023.11.07"]
[WhiteClock "0:00:12"]
[BlackClock "0:00:00"]
[Board "135"]

1. d4 d5 2. c4 e6 3. Nc3 c5 4. cxd5 exd5 5. Nf3 Nc6 6. g3 Nf6 7. Bg2 cxd4 8. Nxd4 Bc5 9. Nxc6 bxc6 10. O-O O-O 11. Na4 Bb6 12. Bf4 Re8 13. Rc1 Ba6 14. Re1 Rc8 15. Nc5 Bxc5 16. Rxc5 Qb6 17. Rc2 h6 18. Qd2 Ng4 19. e4 d4 20. e5 d3 21. Rc3 g5 22. Bh3 gxf4 23. Bxg4 fxg3 24. Bxc8 gxf2+ 25. Qxf2 Qxf2+ 26. Kxf2 Rxc8 27. Ke3 c5 28. Kd2 Rb8 29. b3 Rb4 30. Rxc5 Rh4 31. Rg1+ Kh7 32. Rg2 Bb7 33. Rf2 Be4 34. Rc7 Kg6 35. Rxa7 Bd5 36. Kxd3 Rh3+ 37. Kd4 Be6 38. b4 Rh4+ 39. Kc3 Rc4+ 40. Kd3 Rxb4 41. Ra3 Bc4+ 42. Kd2 Be6 43. Rg3+ Kh5 44. Kc3 Rc4+ 45. Kd3 Rc5 46. Rf4 Rxe5 47. a3 Rd5+ 48. Rd4 Bf5+ 49. Kc3 Rc5+ 50. Kb4 Rc2 51. Rd5 Rf2 52. a4 1-0


[Site "https://www.chess.com"]

[Event "Titled Tuesday Blitz November 07 Early 2023"]
[White "Marcziter, Dmitrii"]
[Black "Sarkar, Justin"]
[WhiteFideId "13900765"]
[BlackFideId "2010011"]
[WhiteElo "2371"]
[BlackElo "2219"]
[Result "0-1"]
[Round "10"]
[TimeControl "180+1"]
[Date "2023.11.07"]
[WhiteClock "0:01:33"]
[BlackClock "0:01:08"]
[Board "136"]

1. e4 c5 2. Nc3 Nc6 3. f4 a6 4. a4 e6 5. Nf3 d5 6. exd5 exd5 7. d4 Nf6 8. Be2 cxd4 9. Nxd4 Bc5 10. Nb3 Ba7 11. Bf3 O-O 12. Nxd5 Re8+ 13. Kf1 Nxd5 14. Qxd5 Qb6 15. Qd2 Be6 16. Be2 Qf2# 0-1


[Site "https://www.chess.com"]

[Event "Titled Tuesday Blitz November 07 Early 2023"]
[White "Yushko, Olga"]
[Black "EvgenyBurmakin"]
[WhiteFideId "14114500"]
[WhiteElo "2097"]
[BlackElo "2344"]
[Result "0-1"]
[Round "10"]
[TimeControl "180+1"]
[Date "2023.11.07"]
[WhiteClock "0:00:00"]
[BlackClock "0:00:33"]
[Board "138"]

1. d4 Nf6 2. c4 g6 3. Nf3 Bg7 4. Nc3 O-O 5. Bg5 h6 6. Bh4 d6 7. e3 c5 8. Be2 cxd4 9. exd4 d5 10. O-O dxc4 11. Bxc4 a6 12. Re1 b5 13. Bb3 Bb7 14. Rc1 Nbd7 15. Ne5 Rc8 16. Nxg6 Re8 17. Ne5 e6 18. Nxd7 Qxd7 19. Bxf6 Bxf6 20. Qh5 Bg7 21. Rcd1 b4 22. Ne4 Qc6 23. f3 Rcd8 24. Qg4 Kh8 25. Nc5 Rxd4 26. Rxd4 Qxc5 27. Rd1 Rd8 28. Kh1 Rxd4 29. h4 Rxg4 30. fxg4 Qf2 31. Rg1 Bd4 0-1


[Site "https://www.chess.com"]

[Event "Titled Tuesday Blitz November 07 Early 2023"]
[White "Sviridova, Vlada"]
[Black "Barbot, Pierre"]
[WhiteFideId "24109606"]
[BlackFideId "663727"]
[WhiteElo "2217"]
[BlackElo "2277"]
[Result "0-1"]
[Round "10"]
[TimeControl "180+1"]
[Date "2023.11.07"]
[WhiteClock "0:00:10"]
[BlackClock "0:00:17"]
[Board "139"]

1. d4 Nf6 2. c4 g6 3. Nc3 d5 4. cxd5 Nxd5 5. e4 Nxc3 6. bxc3 Bg7 7. Bc4 c5 8. Ne2 Nc6 9. Be3 O-O 10. O-O b6 11. Rc1 Bb7 12. Qd2 e5 13. d5 Na5 14. Bd3 c4 15. Bc2 Qd6 16. Bh6 Ba6 17. g3 Nb7 18. Bxg7 Kxg7 19. f4 Nc5 20. f5 f6 21. h4 Nd3 22. Rb1 Rac8 23. Kg2 Rg8 24. Ng1 Qc5 25. Nh3 b5 26. h5 gxh5 27. Qe2 Kh8 28. Qxh5 Qe3 29. Rbd1 Qxg3+ 30. Kh1 Qg2# 0-1


[Site "https://www.chess.com"]

[Event "Titled Tuesday Blitz November 07 Early 2023"]
[White "Kiseljova, Marya"]
[Black "Sakun, Volodymyr"]
[WhiteFideId "4155009"]
[BlackFideId "14114062"]
[WhiteElo "2211"]
[BlackElo "2623"]
[Result "0-1"]
[Round "10"]
[TimeControl "180+1"]
[Date "2023.11.07"]
[WhiteClock "0:00:07"]
[BlackClock "0:00:19"]
[Board "140"]

1. d4 Nf6 2. c4 e6 3. Nf3 c5 4. d5 exd5 5. cxd5 d6 6. Nc3 g6 7. e4 Bg7 8. Be3 Ng4 9. Bd2 O-O 10. Bd3 Na6 11. O-O Re8 12. Re1 Nb4 13. Bb1 Bd7 14. a3 Na6 15. h3 Ne5 16. Nxe5 Bxe5 17. Bd3 Nc7 18. a4 b6 19. Qf3 a6 20. Bf4 Qf6 21. Bxe5 Qxe5 22. Qe2 Reb8 23. Ra2 f6 24. Rb1 f5 25. exf5 Qxe2 26. Bxe2 Bxf5 27. Rba1 Kf7 28. Bf3 g5 29. Ne4 Bxe4 30. Bxe4 h6 31. f3 b5 32. axb5 axb5 33. Rxa8 Rxa8 34. Rxa8 Nxa8 35. Kf2 Nb6 36. Ke2 Kf6 37. Kd3 Ke5 38. g3 Nxd5 39. f4+ gxf4 40. Bxd5 Kxd5 41. gxf4 c4+ 42. Ke3 b4 43. h4 Ke6 44. Kd4 d5 45. f5+ Kxf5 46. Kxd5 c3 47. bxc3 bxc3 48. h5 c2 0-1


[Site "https://www.chess.com"]

[Event "Titled Tuesday Blitz November 07 Early 2023"]
[White "Smirnov, Timofey"]
[Black "Buchenau, Frank"]
[WhiteFideId "24176427"]
[BlackFideId "4604350"]
[WhiteElo "2178"]
[BlackElo "2441"]
[Result "0-1"]
[Round "10"]
[TimeControl "180+1"]
[Date "2023.11.07"]
[WhiteClock "0:00:01"]
[BlackClock "0:00:52"]
[Board "141"]

1. d4 e6 2. Bf4 Nf6 3. e3 d5 4. Nd2 c5 5. c3 Nc6 6. Ngf3 Bd6 7. Bg3 O-O 8. Bd3 b6 9. Ne5 Qc7 10. Ndf3 Ne7 11. dxc5 bxc5 12. O-O Nh5 13. Bxh7+ Kxh7 14. Ng5+ Kh6 15. Ngxf7+ Rxf7 16. Nxf7+ Kg6 17. Nxd6 Nxg3 18. Qg4+ Kh7 19. Qxg3 Ba6 20. Rfd1 Kg8 21. e4 Rd8 22. e5 Rb8 23. b3 Be2 24. Rd2 Bh5 25. Qh4 Bg6 26. f4 a5 27. Qg3 a4 28. Rb2 Qa5 29. b4 cxb4 30. Rxb4 Rxb4 31. cxb4 Qxb4 32. Qe1 Qxf4 33. g3 Qd4+ 34. Kh1 Nc6 35. h4 Nxe5 36. Nb5 Qb2 37. Nc3 Nf3 38. Qf1 Qh2# 0-1


[Site "https://www.chess.com"]

[Event "Titled Tuesday Blitz November 07 Early 2023"]
[White "DonCiao"]
[Black "Osmonbekov, Talaibek"]
[BlackFideId "2017253"]
[WhiteElo "2135"]
[BlackElo "2288"]
[Result "0-1"]
[Round "10"]
[TimeControl "180+1"]
[Date "2023.11.07"]
[WhiteClock "0:01:24"]
[BlackClock "0:02:10"]
[Board "142"]

1. c4 f5 2. g3 Nf6 3. Bg2 d6 4. Nc3 e5 5. d3 Be7 6. e4 O-O 7. exf5 Bxf5 8. Bxb7 Nbd7 9. Bxa8 Qxa8 10. f3 Nc5 11. Ne4 d5 12. Nxc5 Bxc5 13. Ne2 dxc4 14. d4 exd4 15. Nxd4 Bxd4 16. Qxd4 Qxf3 17. Rg1 Re8+ 18. Kd2 Re2+ 0-1


[Site "https://www.chess.com"]